 Dungeon Crawl Stone Soup version 0.26-a0-661-g406de6ba63 (webtiles) character file.

Game seed: 6529329592741613019

1226 grandjackal the Fanfare of Bloodshed (level 8, -15/63 HPs)
             Began as a Demonspawn Gladiator on Oct 8, 2020.
             Was a Believer of Makhleb.
             Killed from afar by a deep elf mage (25 damage)
             ... with a lance of force
             ... on level 6 of the Dungeon.
             The game lasted 00:05:23 (5035 turns).

grandjackal the Fanfare of Bloodshed (DsGl)         Turns: 5035, Time: 00:05:23

Health: -15/63     AC:  5    Str: 17    XL:     8   Next: 23%
Magic:  12/12      EV: 14    Int: 10    God:    Makhleb [**....]
Gold:   93         SH:  4    Dex: 14    Spells: 7/7 levels left

rFire    . . .     SeeInvis .   o - +2 long sword (elec)
rCold    . . .     Faith    .   (no shield)
rNeg     . . .     Spirit   .   m - +0 leather armour (curse)
rPois    .         Reflect  .   (helmet restricted)
rElec    .         Harm     .   (no cloak)
rCorr    .         Rampage  .   n - +0 pair of gloves
MR       .....                  s - +0 pair of boots
Stlth    +.........             (no amulet)
HPRegen  0.20/turn              p - ring of wizardry
MPRegen  0.13/turn              (no ring)

@: flying, very slightly contaminated, invisible
A: horns 1, large bone plates 1, foul stench 1, rot immunity
a: Minor Destruction, Renounce Religion


You were on level 6 of the Dungeon.
You worshipped Makhleb.
Makhleb was pleased with you.
You visited 1 branch of the dungeon, and saw 6 of its levels.

You collected 327 gold pieces.
You spent 234 gold pieces at shops.

Inventory:

Hand Weapons
 o - a +2 long sword of electrocution (weapon)
Missiles
 d - 3 throwing nets (quivered)
 f - 26 poisoned darts
Armour
 m - a cursed +0 leather armour (worn)
 n - a +0 pair of gloves (worn)
 s - a +0 pair of boots (worn)
Jewellery
 p - a ring of wizardry (left hand)
 q - an uncursed ring of see invisible {unknown}
Scrolls
 a - a scroll of enchant weapon {unknown}
 b - 4 scrolls of remove curse {unknown}
 c - 9 scrolls of identify {unknown}
 g - 3 scrolls of amnesia {unknown}
 h - 3 scrolls of enchant armour
 i - 3 scrolls of teleportation
 t - a scroll of fear {unknown}
 w - 2 scrolls of immolation
 x - a scroll of fog
Potions
 e - a potion of lignification {unknown}
 j - a potion of invisibility
 k - 2 potions of stabbing {unknown}
 l - 4 potions of flight
 r - a potion of ambrosia {unknown}
 u - a potion of haste {unknown}
 v - a potion of berserk rage {unknown}
 z - a potion of heal wounds {unknown}
 A - a potion of curing {unknown}
 B - a potion of brilliance {unknown}


   Skills:
 + Level 5.4 Fighting
 + Level 5.3 Long Blades
 - Level 1.7 Throwing
 + Level 5.3 Dodging
 + Level 5.8 Invocations


You had 7 spell levels left.
You didn't know any spells.
Your spell library was empty.

Dungeon Overview and Level Annotations

Branches:
Dungeon (6/15)             Temple (0/1) D:5

Altars:
Ashenzari
Fedhas
Gozag
Makhleb
Zin

Shops:
D:6 [?


Innate Abilities, Weirdness & Mutations

You have a pair of small horns on your head.
You are partially covered in large bone plates. (SH +4)
You may emit foul miasma when damaged in melee.
You are immune to rotting.


Message History

Unknown command.
It was a potion of invisibility.
You fade into invisibility!
The deep elf mage casts a spell at you. The magic dart hits you!
* * * LOW HITPOINT WARNING * * *
You are very lightly contaminated with residual magic.
Unknown command.
It was a potion of flight.
You feel very buoyant.
You fly up into the air.
You hit the deep elf mage. Your headbutt misses the deep elf mage.
The deep elf mage is severely wounded.
The deep elf mage barely misses you.
Unknown command.
You closely miss the deep elf mage.
The deep elf mage is severely wounded.
The deep elf mage casts a spell at you. The lance of force hits you!!
You die...

#.# #.#.# #.#
#.#.####### ######.#
#......(... #......##
###..########
#.####..####..(.#
#...............#
#..###########..# #
#............#
#...@........#
#''e######8..#
#?.⌠+........#
#...+........########
#..$+................
#+++######8..####.###
.......# #.#
........# #.#
######..# #.#


You could see a deep elf mage.

Vanquished Creatures
  Edmund (D:5)
  Menkaure (D:6)
  An ice beast (D:6)
  2 ogres (D:4)
  Blork the orc (D:4)
  3 hounds
  3 bullfrog skeletons (D:5)
  3 centaur skeletons
  A gnoll shaman (D:6)
  2 orc wizards (D:4)
  2 iguanas
  2 worker ants
  A worker ant zombie (D:6)
  5 gnolls (D:6)
  A howler monkey skeleton (D:6)
  5 adders
  An adder zombie (D:5)
  An adder skeleton (D:4)
  4 worms
  A dart slug (D:2)
  7 leopard geckos
  9 orcs
  2 giant cockroaches
  4 goblins
  A hobgoblin (D:1)
  6 jackals
  10 kobolds
  2 quokkas
  3 ball pythons (D:1)
  14 bats
  2 frilled lizards
  2 quokka skeletons
  7 rats
110 creatures vanquished.

Notes
Turn   | Place    | Note
-------+----------+-------------------------------------------
     0 | D:1      | grandjackal the Demonspawn Gladiator began the quest for
                  | the Orb.
     0 | D:1      | Reached XP level 1. HP: 16/16 MP: 1/1
   334 | D:1      | Gained mutation: You have a pair of small horns on your
                  | head. [demonic ancestry]
   334 | D:1      | Reached XP level 2. HP: 22/22 MP: 2/2
  1035 | D:2      | Reached XP level 3. HP: 17/28 MP: 3/3
  1467 | D:2      | Found a glowing silver altar of Zin.
  1804 | D:2      | Found a burning altar of Makhleb.
  1808 | D:2      | Became a worshipper of Makhleb the Destroyer
  1846 | D:2      | Found a blossoming altar of Fedhas.
  2219 | D:3      | Gained mutation: You are immune to rotting. [demonic
                  | ancestry]
  2219 | D:3      | Reached XP level 4. HP: 31/34 MP: 4/4
  2296 | D:3      | Reached skill level 1 in Invocations
  2656 | D:3      | Found a faded altar of an unknown god.
  2797 | D:3      | Reached * piety under Makhleb
  2831 | D:4      | Noticed an ogre
  2833 | D:4      | Killed an ogre
  2833 | D:4      | Reached XP level 5. HP: 41/41 MP: 6/6
  2855 | D:4      | Noticed Blork the orc
  2870 | D:4      | Killed Blork the orc
  2923 | D:4      | Gained mutation: You are partially covered in large bone
                  | plates. (SH +4) [demonic ancestry]
  2923 | D:4      | Reached XP level 6. HP: 46/48 MP: 8/8
  3507 | D:4      | Reached XP level 7. HP: 48/54 MP: 8/10
  3625 | D:5      | Entered Level 5 of the Dungeon
  3625 | D:5      | Noticed Edmund
  3630 | D:5      | Killed Edmund
  3743 | D:5      | Found a staircase to the Ecumenical Temple.
  4188 | D:6      | Found Furynn's Magic Scroll Shoppe.
  4194 | D:6      | Bought 2 scrolls of immolation for 84 gold pieces
  4194 | D:6      | Bought a scroll of fog for 24 gold pieces
  4194 | D:6      | Bought a scroll of teleportation for 36 gold pieces
  4194 | D:6      | Bought a scroll of enchant armour for 90 gold pieces
  4359 | D:6      | Reached skill level 5 in Invocations
  4387 | D:6      | Reached ** piety under Makhleb
  4391 | D:6      | Found a broken altar of Ashenzari.
  4484 | D:6      | Reached skill level 5 in Long Blades
  4486 | D:6      | Reached skill level 5 in Dodging
  4622 | D:6      | Reached skill level 5 in Fighting
  4622 | D:6      | Gained mutation: You may emit foul miasma when damaged in
                  | melee. [demonic ancestry]
  4622 | D:6      | Reached XP level 8. HP: 49/62 MP: 10/12
  4709 | D:6      | Found Lesaruom's Armour Shop.
  4768 | D:6      | Noticed Menkaure
  4775 | D:6      | Killed Menkaure
  4808 | D:6      | Found an opulent altar of Gozag.
  5022 | D:6      | Noticed a deep elf mage
  5035 | D:6      | Killed from afar by a deep elf mage

Illustrated notes

Levels and vault maps discovered:
D:1:      mrwooster_arrival_statue_2, layout_loops_ring
D:2:      layout_basic, old_standard_altar, marbit_many_paths,
          overflow_temple_1_default
D:3:      layout_loops_ring, chequers_ecumenical_altar_simple
D:4:      layout_rooms, uniq_blork_the_orc
D:5:      layout_loops_ring, temple_doors_ab, chequers_serial_rivers_micro_d,
          uniq_edmund
D:6:      layout_loops_ring, lemuel_round_altar, evilmike_ruin_ashenzari,
          serial_shops, shop, shop, guppyfry_early_elven_hall, uniq_menkaure

Skill      XL: |  1  2  3  4  5  6  7 |
---------------+----------------------+-----
Long Blades    | 3 4 5 |  5.3
Dodging        | 3 4 5 |  5.3
Invocations    | 2 3 4 5 |  5.8
Fighting       | 3 4 5 |  5.4
Throwing       | |  1.7

Action                   |  1- 3 |  4- 6 |  7- 9 || total
-------------------------+-------+-------+-------++-------
Melee: Long sword        |    80 |    75 |    78 ||   233
       Headbutt          |    15 |    18 |    18 ||    51
  Use: Potion            |       |       |     2 ||     2
 Stab: Sleeping          |     2 |     1 |     1 ||     4
Armor: Leather armour    |    35 |    19 |    13 ||    67
Dodge: Dodged            |    68 |    46 |    52 ||   166
Block: Other             |       |     6 |    16 ||    22
       Rpst.: Long sword |    21 |    16 |    14 ||    51

Table legend: (Time is in decaauts)
 A = Elapsed time spent in this place.
 B = Non-inter-level travel time spent in this place.
 C = Inter-level travel time spent in this place.
 D = Time resting spent in this place.
 E = Time spent auto-exploring this place.
 F = Levels seen in this place.
 G = Mean time per level.
                   A        B        C        D        E       F      G
               +--------+--------+--------+--------+--------+-----+--------+
         Total |   5080 |   4917 |    163 |    847 |   3368 |   6 |  846.7 |
       Dungeon |   5080 |   4917 |    163 |    847 |   3368 |   6 |  846.7 |
               +--------+--------+--------+--------+--------+-----+--------+

Top non-repeatable levels by time:
     D:2: 1111 daAuts
     D:1: 1017 daAuts
     D:6: 856 daAuts
     D:4: 805 daAuts
     D:3: 725 daAuts
     D:5: 565 daAuts
